 Dungeon Crawl Stone Soup version 0.32-a0-872-g59262bdc9b (webtiles) character file.

Game seed: 4843849661835005996

47 jasper the Poker (level 3, -11/43 HPs)
             Began as a Merfolk Berserker on Mar 30, 2024.
             Was a Follower of Trog.
             Mangled by Crazy Yiuf
             ... wielding a +4 quarterstaff of chaos
              (13 damage)
             ... on level 2 of the Dungeon.
             The game lasted 00:02:36 (1607 turns).

jasper the Poker (Merfolk Berserker)                Turns: 1607, Time: 00:02:37

Health: -11/43     AC:  6    Str: 17    XL:     3   Next: 70%
Magic:  3/3        EV: 10    Int:  6    God:    Trog [*.....]
Gold:   151        SH:  0    Dex: 15    Spells: 2/2 levels left

rFire   . . .        l - +0 trident
rCold   . . .        (no shield)
rNeg    . . .        e - +1 ring mail
rPois   .            (no helmet)
rElec   .            (no cloak)
rCorr   .            (no gloves)
SInv    .            (no boots)
Will    .....        (no amulet) Stlth
                     (no ring)
HPRegen 0.27/turn    (no ring)
MPRegen 0.08/turn

%: no passive effects
@: confused, berserking (expiring), hasted, very quick
A: (nimble swimmer 2), mertail
a: Renounce Religion, Berserk


You were on level 2 of the Dungeon.
You worshipped Trog.
Trog was aware of your devotion.
You visited 1 branch of the dungeon, and saw 2 of its levels.

You collected 151 gold pieces.

Inventory:

Hand Weapons
 a - a +0 spear
 l - a +0 trident (weapon)
Missiles
 c - 29 stones (quivered)
 h - 3 poisoned darts
 m - a throwing net
Armour
 b - a +0 animal skin
 e - a +1 ring mail (worn)
Jewellery
 n - a ring of see invisible
Wands
 k - a wand of polymorph (11)
Scrolls
 f - a scroll of identify
 i - 2 scrolls of immolation {unknown}
Potions
 d - a potion of invisibility
 g - 2 potions of heal wounds {unknown}
 j - a potion of curing {unknown}


   Skills:
 - Level 3.2 Fighting
 + Level 6.1 Polearms
 - Level 1.3 Armour
 - Level 2.6 Dodging


You had 2 spell levels left.
You didn't know any spells.
Your spell library was empty.

Dungeon Overview and Level Annotations

Branches:
Dungeon (2/15)

Altars:

Annotations:
D:2 Crazy Yiuf


Innate Abilities, Weirdness & Mutations

((You are very nimble when in or above water. (Stealth+, EV+, Speed+++)))
Your lower body shifts to a powerful aquatic tail in water.


Message History

You see here a +0 hammer.
Found seven hammers.
Found a runed translucent door.
You see here a +0 hammer.
Found a hammer.
Crazy Yiuf shouts!
You see here a +0 hammer.
You see here a +0 hammer.
Found three hammers.
Crazy Yiuf says, "Earwax King mumblescurry!"
You see here a +0 hammer.
You open the door. You closely miss Crazy Yiuf. Crazy Yiuf barely misses you.
You barely miss Crazy Yiuf.
Crazy Yiuf hits you with a +4 quarterstaff of chaos!
You take 7 damage, and have 22/29 hp.
MASSIVE DAMAGE!!
You hit Crazy Yiuf but do no damage.
Crazy Yiuf cries, "Mama toodlewoodle high!"
Crazy Yiuf hits you with a +4 quarterstaff of chaos!
You feel yourself speed up.
You take 13 damage, and have 9/29 hp.
MASSIVE DAMAGE!!
A red film seems to cover your vision as you go berserk!
You feel yourself moving faster!
You feel mighty!
You can no longer call upon Trog for regeneration and willpower.
You now have 14/43 hp.
You puncture Crazy Yiuf!
Crazy Yiuf is moderately wounded.
Crazy Yiuf cries, "Fluff cower pizzabubble!"
Crazy Yiuf hits you with a +4 quarterstaff of chaos!
* * * LOW HITPOINT WARNING * * *
You are confused.
You bump into the rock wall.
You take 9 damage, and have 5/43 hp.
MASSIVE DAMAGE!!
You bump into the rock wall.
You feel a strong urge to attack something.
Crazy Yiuf hits you with a +4 quarterstaff of chaos.
* * * LOW HITPOINT WARNING * * *
You take 3 damage, and have 2/43 hp.
You bump into the stone wall.
Crazy Yiuf hits you with a +4 quarterstaff of chaos!
You die...

........########..####........+..
........#### #....# #........###
...........# #.PPP# #.)......'..
...##......# ##.#)# #........###
...##......# ##)## #.....####
##.........# ##)# #.....#
...........# #)## #.....#
...........# ##)# #...###
...........# #@## #...##
...........# #g# #....#
..........## ))) #....#
.##.##....## #)))# #....#
...........# #).)# #....#
.##.###....# ##### #....#
.##.###..).# #....#
.......>...###########....#
....###...................#


You could see Crazy Yiuf.

Vanquished Creatures
  A gnoll (D:2)
  A dart slug (D:1)
  A ribbon worm (D:2)
  3 ball pythons
  2 endoplasms (D:1)
  4 goblins
  2 hobgoblins
  6 jackals
  5 kobolds
  2 quokkas
  A bat (D:2)
  A frilled lizard (D:1)
  2 rats (D:1)
31 creatures vanquished.

Notes
Turn   | Place    | Note
-------+----------+-------------------------------------------
     0 | D:1      | jasper the Merfolk Berserker began the quest for the Orb.
     0 | D:1      | Reached XP level 1. HP: 18/18 MP: 1/1
   224 | D:1      | Reached XP level 2. HP: 22/24 MP: 2/2
   499 | D:1      | Reached skill level 5 in Polearms
   602 | D:1      | Reached XP level 3. HP: 29/29 MP: 3/3
   915 | D:2      | Reached ** piety under Trog
  1536 | D:2      | Reached skill level 6 in Polearms
  1595 | D:2      | Found a runed translucent door.
  1596 | D:2      | Noticed Crazy Yiuf
  1606 | D:2      | HP: 2/43 [Crazy Yiuf/+4 quarterstaff of chaos (3)]
  1607 | D:2      | Mangled by Crazy Yiuf

Illustrated notes

Levels and vault maps discovered:
D:1:      saegor_arrival_fortress, layout_basic
D:2:      layout_basic, cheibrodos_gnoll_hut, uniq_crazy_yiuf_cottage

Skill      XL: |  1  2  3 |
---------------+----------+-----
Polearms       | 5 6 |  6.1
Fighting       | |  3.2
Armour         | |  1.3
Dodging        | |  2.6

Action                     || total
---------------------------++-------
  Melee: Spear             ||    43
         Trident           ||    45
  Throw: Stone             ||     4
 Invoke: Berserk           ||     1
    Use: Scroll            ||     6
   Stab: Distracted        ||     1
 Armour: Animal skin       ||     6
         Ring mail         ||    36
  Dodge: Dodged            ||    37

Table legend: (Time is in decaauts)
 A = Elapsed time spent in this place.
 B = Non-inter-level travel time spent in this place.
 C = Inter-level travel time spent in this place.
 D = Time resting spent in this place.
 E = Time spent auto-exploring this place.
 F = Levels seen in this place.
 G = Mean time per level.
                   A        B        C        D        E       F      G
               +--------+--------+--------+--------+--------+-----+--------+
         Total |   1587 |   1543 |     44 |     41 |   1227 |   2 |  793.5 |
       Dungeon |   1587 |   1543 |     44 |     41 |   1227 |   2 |  793.5 |
               +--------+--------+--------+--------+--------+-----+--------+

Top non-repeatable levels by time:
     D:1: 850 daAuts
     D:2: 737 daAuts
